 Dungeon Sprint DCSS version 0.29-a0-723-gce39da1c22 (webtiles) character file.

Game seed: 13786053201236767300

445 zeratav the Basher (level 7, -2/74 HPs)
             Began as a Naga Fighter on June 28, 2022.
             Was an Initiate of Okawaru.
             Slain by Sonja
             ... wielding a +2 short sword of distortion
              (7 damage)
             ... in the Dungeon (Sprint I: "Red Sonja").
             The game lasted 00:02:30 (689 turns).

zeratav the Basher (Naga Fighter)                    Turns: 689, Time: 00:02:31

Health: -2/74      AC:  5    Str: 21    XL:     7   Next: 3%
Magic:  7/7        EV:  7    Int:  8    God:    Okawaru [......]
Gold:   297        SH:  5    Dex: 10    Spells: 6/6 levels left

rFire   . . .      SeeInvis +   a - +0 flail {mace}
rCold   . . .      Faith    .   c - +0 buckler
rNeg    . . .      Spirit   .   b - +0 scale mail
rPois   +          Reflect  .   (no helmet)
rElec   .          Harm     .   (no cloak)
rCorr   .          Rampage  .   (no gloves)
Will    .....      NoTele   +   (no barding)
Stlth   ++........              (no amulet)
HPRegen 0.22/turn               (no ring)
MPRegen 0.10/turn               (no ring)

@: short of breath, very slow
A: AC +2, large, see invisible, deformed body, poison resistance, slowness 2,
spit poison 1, naga tail 1
a: Spit Poison, Renounce Religion


You were in the Dungeon.
You worshipped Okawaru.
Okawaru was noncommittal.
You visited 1 branch You collected 297 gold pieces.


Innate Abilities, Weirdness & Mutations

Your serpentine skin is tough. (AC +2)
You have supernaturally acute eyesight. (SInv)
Armour fits poorly on your strangely shaped body.
Your system is resistant to poisons. (rPois)
You cover ground very slowly.
You can spit poison.
You have a snake-like lower body.


   Skills:
 - Level 8.0 Fighting
 - Level 10.0 Maces & Flails
 - Level 2.4 Armour
 - Level 8.0 Stealth
 + Level 6.1 Shields


You had 6 spell levels left.
You didn't know any spells.
Your spell library was empty.

Inventory:

Hand Weapons
 a - a +0 flail (weapon) {mace}
Armour
 b - a +0 scale mail (worn)
 c - a +0 buckler (worn)
Wands
 k - a wand of flame (10)
   (You took it off Ijyb in the Dungeon)
Scrolls
 j - a scroll of blinking {!r}
 m - a scroll of identify {unknown}
Potions
 d - a potion of might
 e - a potion of curing {@q1}
 f - a potion of heal wounds {@q2}
 g - a potion of haste {@q3}
 h - 2 potions of magic
 i - a potion of berserk rage {!q}
 l - a potion of lignification {unknown}

Dungeon Overview and Level Annotations

Branches:
Dungeon (1/1) Zot: 27000

Altars:
Cheibriados
Dithmenos
Elyvilon
Fedhas
Gozag
Hepliaklqana
Kikubaaqudgha
Nemelex Xobeh
Okawaru
Qazlal
Ru
Sif Muna
Trog
Uskayaw
Vehumet
Wu Jian
Yredelemnul
Zin
The Shining One

Shops:
D [

Annotations:
D Sonja

#..#####'#####'#
#..####..#...#)#
#..#__####..##.#
#..#_____##'#_.+
#⌠⌠#_.∩...'..._#
####_..__##_.#+#
#_____###'#
#########.##


+$@$+ #$K$# ##.## #+# You could see Sonja.


Message History

You regained 8 hp, and now have 21/67 hp.
You start resting.
HP[+46]
Your hp is fully restored (67).
You open the door.
A yak comes into view.
The yak bellows!
Found Ycaas's Armour Emporium.
Found fourteen altars.
You barely miss the yak. The yak gores you!
HP[-9]
You take 9 damage, and now have 58/67 hp.
Aiming: Spit Poison (1% risk of failure)
Press: ? - help, Q - select action, (/) - cycle Shift-Dir - straight line, f - yak
Aim: a yak (75% to hit)
The splash of poison hits the yak but does no damage.
The yak gores you but does no damage.
You sock the yak! The yak gores you but does no damage.
HP[+1]
You thump the yak! The yak gores you but does no damage.
You hit the yak. The yak gores you but does no damage.
You closely miss the yak.
You have got your breath back.
The yak gores you.
HP[-5]
You take 5 damage, and now have 54/67 hp.
You thump the yak! The yak gores you.
HP[-3]
You take 3 damage, and now have 51/67 hp.
You hit the yak but do no damage. You block the yak's attack.
HP[+1]
You hit the yak.
You kill the yak!
Training target 10.0 for Maces & Flails reached!
Your Maces & Flails skill increases to level 10!
You need to enable at least one skill for training.
Your Shields skill gained 4 levels and is now at level 6!
You have reached level 7!
HP[+5] MP[+1]
You now have 74 max hp (+7).
You regained 5 hp, and now have 57/74 hp.
Your mp is fully restored (7).
Found an opulent altar of Gozag.
There is an open door, spattered with blood here.
HP[+1]
Found a sparkling altar of Nemelex Xobeh.
You start resting.
HP[+16]
Your hp is fully restored (74).
There is an entrance to Ycaas's Armour Emporium here.
There is a hide-covered altar of Uskayaw here.
There is a hazy altar of Hepliaklqana here.
There is an open door, spattered with blood here.
As you open the door, it creaks loudly!
There is an open door here.
You now have 189 gold pieces (gained 27).
You now have 216 gold pieces (gained 27).
You now have 243 gold pieces (gained 27).
You now have 270 gold pieces (gained 27).
You now have 297 gold pieces (gained 27).
There is an open door here.
There is an open door, spattered with blood here.
There is an entrance to Ycaas's Armour Emporium here.
There is an iron altar of Okawaru here.
You coil in front of the altar of Okawaru.
Okawaru welcomes you!
There is an entrance to Ycaas's Armour Emporium here.
There is an open door, spattered with blood here.
There is a radiant altar of Vehumet here.
You open the door.
Sonja, the Graceful Assassin comes into view.
She is wielding a +2 short sword of distortion and quivering curare-tipped darts.
Aiming: Spit Poison (1% risk of failure)
Press: ? - help, Q - select action, (/) - cycle Shift-Dir - straight line, f - Sonja
Aim: Sonja, wielding a +2 short sword of distortion and quivering curare-tipped darts (asleep, 100% to hit)
Okay, then.
There is an open door here.
The helpless Sonja fails to defend herself.
You bludgeon Sonja!!
Sonja hits you with a +2 short sword of distortion.
Space warps around you.
Sonja hits you with a +2 short sword of distortion!
Sonja hits you with a +2 short sword of distortion!
Space warps around you.
HP[-29]
You take 29 damage, and now have 45/74 hp.
MASSIVE DAMAGE!! (PAUSE)
Aiming: Spit Poison (1% risk of failure)
Press: ? - help, Q - select action, (/) - cycle Shift-Dir - straight line, f - Sonja
Aim: Sonja, wielding a +2 short sword of distortion and quivering curare-tipped darts (almost dead, 18% to hit)
The splash of poison misses Sonja.
Sonja hits you with a +2 short sword of distortion.
Sonja hits you but does no damage. Space warps around you.
Sonja hits you with a +2 short sword of distortion.
* * * LOW HITPOINT WARNING * * *
Space warps horribly around you!!
* * * LOW HITPOINT WARNING * * *
Sonja hits you with a +2 short sword of distortion!
* * * LOW HITPOINT WARNING * * *
You block Sonja's attack.
Sonja hits you with a +2 short sword of distortion!
You die...

Skill      XL: |  1  2  3  4  5  6 |
---------------+-------------------+-----
Fighting       | 6 8 |  8.0
Stealth        | 8 |  8.0
Maces & Flails | 9 10 | 10.0
Shields        | 6 |  6.1
Armour         | |  2.4

Action                   |  1- 3 |  4- 6 |  7- 9 || total
-------------------------+-------+-------+-------++-------
Melee: Flail             |     9 |    22 |     1 ||    32
 Abil: Spit Poison       |     2 |     2 |     1 ||     5
 Stab: Sleeping          |       |     1 |     1 ||     2
Armor: Scale mail        |     2 |     6 |     1 ||     9
Dodge: Dodged            |     2 |     3 |       ||     5
Block: Buckler           |     1 |     3 |     1 ||     5

Levels and vault maps discovered:
D:        dungeon_sprint_1 [red_sonja_temple_1, red_sonja_temple_small_1]

Notes
Turn   | Place    | Note
-------+----------+-------------------------------------------
     0 | D        | zeratav the Naga Fighter began the quest for the Orb.
     0 | D        | Reached XP level 1. HP: 21/21 MP: 1/1
     0 | D        | magus.rc [v1.9.6]
     2 | D        | Noticed Ijyb
     9 | D        | Killed Ijyb
    10 | D        | Reached skill level 6 in Fighting
    10 | D        | Reached XP level 2. HP: 14/34 MP: 2/2
   190 | D        | Noticed an ogre
   196 | D        | Killed an ogre
   197 | D        | Reached skill level 8 in Fighting
   197 | D        | Reached skill level 8 in Stealth
   197 | D        | Reached XP level 3. HP: 44/44 MP: 3/3
   197 | D        | Reached XP level 4. HP: 52/52 MP: 4/4
   210 | D        | Noticed Sigmund
   218 | D        | Killed Sigmund
   219 | D        | Reached skill level 9 in Maces & Flails
   219 | D        | Reached XP level 5. HP: 45/58 MP: 5/5
   219 | D        | Reached XP level 6. HP: 53/67 MP: 6/6
   296 | D        | Found a shimmering blue altar of Sif Muna.
   297 | D        | Found an ornate altar of the Wu Jian Council.
   298 | D        | Found a radiant altar of Vehumet.
   308 | D        | HP: 12/67 [acid (8)]
   567 | D        | Found Ycaas's Armour Emporium.
   567 | D        | Found an ancient bone altar of Kikubaaqudgha.
   567 | D        | Found a hazy altar of Hepliaklqana.
   567 | D        | Found a stormy altar of Qazlal.
   567 | D        | Found a hide-covered altar of Uskayaw.
   567 | D        | Found a blossoming altar of Fedhas.
   567 | D        | Found a bloodstained altar of Trog.
   567 | D        | Found an iron altar of Okawaru.
   567 | D        | Found a basalt altar of Yredelemnul.
   567 | D        | Found a glowing golden altar of the Shining One.
   567 | D        | Found a snail-covered altar of Cheibriados.
   567 | D        | Found a sacrificial altar of Ru.
   567 | D        | Found a glowing silver altar of Zin.
   567 | D        | Found a shadowy altar of Dithmenos.
   567 | D        | Found a white marble altar of Elyvilon.
   567 | D        | Noticed a yak
   576 | D        | Killed a yak
   577 | D        | Reached skill level 10 in Maces & Flails
   577 | D        | Reached skill level 6 in Shields
   577 | D        | Reached XP level 7. HP: 57/74 MP: 7/7
   577 | D        | Found an opulent altar of Gozag.
   578 | D        | Found a sparkling altar of Nemelex Xobeh.
   676 | D        | Became a worshipper of Warmaster Okawaru
   684 | D        | Noticed Sonja
   689 | D        | HP: 14/74 [Sonja/+2 short sword of distortion (21)]
   689 | D        | HP: 5/74 [Sonja/+2 short sword of distortion (9)]
   689 | D        | Slain by Sonja

Vanquished Creatures
  Sigmund (D)
  A yak (D)
  An ogre (D)
  A jelly (D)
  Ijyb (D)
5 creatures vanquished.

Table legend:
 A = Non-vault XP
 B = Vault XP
 C = Vault XP percentage of total XP
 D = Non-vault monster count
 E = Vault monster count
 F = Vault count percentage of total count
                 A         B        C        D         E       F
            +---------+---------+-------+---------+---------+-------
      Total |       0 |     637 | 100.0 |       0 |       5 | 100.0
            +---------+---------+-------+---------+---------+-------
          D |       0 |     637 | 100.0 |       0 |       5 | 100.0
            +---------+---------+-------+---------+---------+-------

Illustrated notes

Table legend:
 A = Kills in this place as a percentage of kills in entire the game.
 B = Kills by you in this place as a percentage of kills by you in the entire game.
 C = Kills by friends in this place as a percentage of kills by friends in the entire game.
 D = Other kills in this place as a percentage of other kills in the entire game.
 E = Experience gained in this place as a percentage of experience gained in the entire game.
 F = Experience gained in this place divided by the number of levels of this place that you have seen.
                   A       B       C       D       E      F
               +-------+-------+-------+-------+-------+----------------------
         Total | 100.0 | 100.0 |   N/A |   N/A | 100.0 | 637.0
       Dungeon | 100.0 | 100.0 |   N/A |   N/A | 100.0 | 637.0
               +-------+-------+-------+-------+-------+----------------------

Table legend: (Time is in decaauts)
 A = Elapsed time spent in this place.
 B = Non-inter-level travel time spent in this place.
 C = Inter-level travel time spent in this place.
 D = Time resting spent in this place.
 E = Time spent auto-exploring this place.
 F = Levels seen in this place.
 G = Mean time per level.
                   A        B        C        D        E       F      G
               +--------+--------+--------+--------+--------+-----+--------+
         Total |    719 |    719 |      0 |    563 |      0 |   1 |  719.0 |
       Dungeon |    719 |    719 |      0 |    563 |      0 |   1 |  719.0 |
               +--------+--------+--------+--------+--------+-----+--------+

Top non-repeatable levels by time:
       D: 719 daAuts
